 Dungeon Crawl Stone Soup version 0.30-a0-149-g7f746667c4 (webtiles) character file.

Game seed: 4466632503705964497

118 Sobieck the Chopper (level 5, -5/41 HPs)
             Began as a Ghoul Gladiator on Sept 26, 2022.
             Slain by Edmund
             ... wielding a +1 flail of holy wrath
              (8 damage)
             ... on level 4 of the Dungeon.
             The game lasted 00:05:51 (3524 turns).

Sobieck the Chopper (Ghoul Gladiator)               Turns: 3524, Time: 00:05:51

Health: -5/41      AC: 13    Str: 18    XL:     5   Next: 2%
Magic:  4/4        EV:  9    Int:  5    God:
Gold:   171        SH:  0    Dex: 12    Spells: 4/4 levels left

rFire   + . .      SeeInvis .    G - +10 falchion "Zurihi" {freeze, rElec Dex+6, long}
rCold   . . .      Faith    .    (no shield)
rNeg    + + +      Spirit   .    v - +0 plate armour
rPois   ∞          Reflect  .    c - +1 helmet
rElec   +          Harm     .    (no cloak)
rCorr   .          Rampage  .    C - +0 pair of gloves
Will    +....                    (no boots)
Stlth   ..........               (no amulet)
HPRegen 0.00/turn                w - +4 ring of evasion
MPRegen 0.09/turn                A - ring "Rass" {Fire rElec Will+ Dex-4}

@: inhibited regen
A: claws 1, cold resistance 1, negative energy resistance 3, inhibited
regeneration, torment resistance 2, devour on kill
a: no special abilities


You were on level 4 of the Dungeon.
You visited 1 branch of the dungeon, and saw 4 of its levels.

You collected 171 gold pieces.


Innate Abilities, Weirdness & Mutations

You are immune to poison.
You have sharp fingernails.
Your flesh is cold resistant. (rC+)
You are immune to negative energy. (rN+++)
You do not regenerate when monsters are visible.
You are immune to unholy pain and torment.
You thrive by killing the living.


   Skills:
 - Level 2.1 Fighting
 + Level 4.4 Axes
 - Level 2.8 Throwing
 + Level 0.1 Armour
 - Level 2.6 Dodging


You had 4 spell levels left.
You didn't know any spells.
Your spell library contained the following spells:

 Spells                   Type           Power      Damage    Failure   Level
 Summon Hydra             Summ           0%         N/A       100%        7
 Sublimation of Blood     Necr           Unusable   N/A       N/A         2
 Wereblood                Tmut           Unusable   N/A       N/A         2

Inventory:

Hand Weapons
 a - a +0 war axe of freezing {axe}
 G - the +10 falchion "Zurihi" (weapon) {freeze, rElec Dex+6, long}
   (You found it on level 3 of the Dungeon)

   It freezes those it strikes, dealing additional cold damage.
   It can also slow down cold-blooded creatures.
   Dex:       It affects your dexterity (+6).
   rElec:     It insulates you from electricity.
Missiles
 d - 3 throwing nets {=f!fthrowing}
 e - 7 javelins {throwing}
 y - 6 datura-tipped darts {throwing}
 F - 20 stones {throwing}
Armour
 b - a +0 leather armour
 c - a +1 helmet (worn)
 i - a +0 leather armour
   (You took it off a hobgoblin on level 4 of the Dungeon)
 k - a +0 ring mail
   (You found it on level 1 of the Dungeon)
 o - a +0 robe
   (You found it on level 2 of the Dungeon)
 r - a +0 ring mail
   (You found it on level 2 of the Dungeon)
 v - a +0 plate armour (worn)
   (You found it on level 2 of the Dungeon)
 z - a +0 leather armour
   (You took it off an orc on level 3 of the Dungeon)
 B - a +0 leather armour
   (You took it off an orc on level 3 of the Dungeon)
 C - a +0 pair of gloves (worn)
   (You found it on level 3 of the Dungeon)
Magical Staves
 q - a staff of death {!astaff}
   (You found it on level 2 of the Dungeon)
Jewellery
 w - a +4 ring of evasion (left hand)
   (You found it on level 2 of the Dungeon)
 A - the ring "Rass" (right hand) {Fire rElec Will+ Dex-4}
   (You found it on level 3 of the Dungeon)

   [ring of fire]

   It enhances your fire magic.
   Dex:       It affects your dexterity (-4).
   rF:        It protects you from fire.
   rC:        It makes you vulnerable to cold.
   rElec:     It insulates you from electricity.
   Will:      It increases your willpower.
Wands
 t - a wand of flame (16)
   (You found it on level 2 of the Dungeon)
Scrolls
 n - a scroll of blinking {!r}
 x - 4 scrolls of vulnerability {!r!r}
 D - a scroll of noise {unknown}
 E - a scroll of teleportation {unknown}
Potions
 f - a potion of lignification {unknown}
 g - 2 potions of degeneration {!q@e2}
 h - a potion of resistance {unknown}
 j - 3 potions of heal wounds {unknown}
 l - 3 potions of brilliance
 m - 3 potions of attraction {!q}
 p - a potion of haste {unknown}
 s - 3 potions of curing {unknown}
 I - a potion of flight {unknown}
 J - a potion of ambrosia {unknown}

Dungeon Overview and Level Annotations

Branches:
Dungeon (4/15) Zot: 20422
 Temple: D:4-7

Altars:
Okawaru

Annotations:
D:4 Edmund

. # ## . ..#. .. ## .
..... .##. .# #.[..###
...###w #....<# .....
#........# .B.
#..#.#..#.# #@# #.. #
##....####@# ..
.####..##...# .# #.#
#..##.###
.###..#####....#######.#
........................
.. .#.. #####..#...#####
..# .#.# #..###.# ..
<#.# #...##.# .# #†.#
##.#....#### ##.#


You could see Edmund, a worm and a giant cockroach.


Message History

a - a +0 war axe of freezing {axe}
As you read the scroll labelled HIRARH NAGG, it crumbles to dust.
Magic quickly surges around you.
It was a scroll of vulnerability.
Unknown command.
Blink to where?
Press: ? - help, Dir - move target, f - you Are you sure you want to cancel this blink? [Y]es or [N]o only, please.
Are you sure you want to cancel this blink?
Okay, then.
As you read the scroll labelled GEVIAR JUYNU, it crumbles to dust.
It was a scroll of blinking.
Unknown command.
Unknown command.
Unknown command.
You start waiting.
A giant cockroach comes into view.
Danger!
Unknown command.
You slash the giant cockroach! You freeze the giant cockroach.
You kill the giant cockroach!
You see here a giant cockroach corpse.
Unknown command.
Unknown command.
There is a stone staircase leading up here.
j - 3 red potions (gained 1)
Found a stone staircase leading down.
Unknown command.
s - 3 green potions (gained 1)
F - 14 stones {throwing} (gained 6)
You feel your willpower return.
You see here a +0 sling.
x - 4 scrolls of vulnerability {!r!r} (gained 2)
You now have 147 gold pieces (gained 10).
h - a metallic inky potion Unknown command.
You now have 152 gold pieces (gained 5).
A hobgoblin comes into view.
The hobgoblin shouts!
You hear an angry hiss.
The hobgoblin throws a stone.
The stone barely misses you.
Danger!
A ball python comes into view.
The hobgoblin throws a stone.
The stone closely misses you.
You see here an emerald potion.
The hobgoblin throws a stone.
The stone closely misses you.
A hobgoblin comes into view.
The hobgoblin shouts!
The ball python bites you but does no damage.
The ball python closely misses you.
You barely miss the ball python.
The ball python bites you but does no damage.
The ball python closely misses you.
You slash the ball python! You freeze the ball python.
You kill the ball python!
You have reached level 5!
You feel stronger.
You slash the hobgoblin! You freeze the hobgoblin.
You kill the hobgoblin!
You slash the hobgoblin! You freeze the hobgoblin.
You kill the hobgoblin!
No target in view!
No target in view!
F - 20 stones {throwing} (gained 6);
i - a +0 leather armour
n - a scroll of blinking {!r} You see here a hobgoblin corpse.
p - an emerald potion Unknown command.
You see here a hobgoblin corpse.
You now have 165 gold pieces (gained 13).
You now have 171 gold pieces (gained 6).
Found a stone staircase leading down.
Danger!
Edmund shouts!
You hit Edmund. You freeze Edmund.
Edmund hits you with a +1 flail of holy wrath!
You convulse!
Unknown command.
You closely miss Edmund. Edmund completely misses you.
A worm comes into view.
Unknown command.
You slash Edmund! You freeze Edmund. Edmund closely misses you.
Edmund hits you with a +1 flail of holy wrath.
* * * LOW HITPOINT WARNING * * *
You convulse.
* * * LOW HITPOINT WARNING * * *
You barely miss Edmund.
Edmund hits you with a +1 flail of holy wrath.
* * * LOW HITPOINT WARNING * * *
You convulse.
* * * LOW HITPOINT WARNING * * *
A giant cockroach comes into view.
You hit Edmund. You freeze Edmund. Edmund hits you but does no damage.
Unknown command.
You closely miss Edmund. Edmund hits you but does no damage. x2
Unknown command.
You hit Edmund but do no damage.
Edmund hits you with a +1 flail of holy wrath.
* * * LOW HITPOINT WARNING * * *
You convulse!
You die...

Skill      XL: |  1  2  3  4 |
---------------+-------------+-----
Throwing       | 2 |  2.8
Axes           | 3 4 |  4.4
Fighting       | |  2.1
Armour         | |  0.1
Dodging        | |  2.6

Action                   |  1- 3 |  4- 6 || total
-------------------------+-------+-------++-------
Melee: War axe           |    85 |    70 ||   155
       Falchion          |       |    16 ||    16
       Punch             |       |     1 ||     1
Throw: Stone             |    34 |     2 ||    36
  Use: Scroll            |       |     9 ||     9
Armor: Leather armour    |    30 |       ||    30
       Plate armour      |     7 |    52 ||    59
Dodge: Dodged            |    53 |    58 ||   111

Levels and vault maps discovered:
D:1:      scummos_arrival_simple_fountains, layout_basic,
          ebering_ecumenical_altar_sacrificial
D:2:      layout_basic
D:3:      layout_loops_corners, okawaru_ov_weapons_minmay,
          minmay_misc_feat_encased, grunt_ministairs_9
D:4:      layout_rooms, uniq_edmund

Notes
Turn   | Place    | Note
-------+----------+-------------------------------------------
     0 | D:1      | Sobieck the Ghoul Gladiator began the quest for the Orb.
     0 | D:1      | Reached XP level 1. HP: 17/17 MP: 0/0
   500 | D:1      | Found a faded altar of an unknown god.
   519 | D:1      | You pick up a book of Blood and begin reading...
   627 | D:1      | Reached skill level 2 in Throwing
   682 | D:1      | Reached XP level 2. HP: 10/24 MP: 1/1
   683 | D:1      | Reached skill level 3 in Axes
  1460 | D:2      | Reached XP level 3. HP: 24/29 MP: 2/2
  2189 | D:3      | Reached XP level 4. HP: 27/36 MP: 3/3
  2370 | D:3      | Reached skill level 4 in Axes
  2670 | D:3      | Identified the ring "Rass" {Fire rElec Will+ Dex-4}
  2985 | D:3      | Found an iron altar of Okawaru.
  3033 | D:3      | Identified the +10 falchion "Zurihi" {freeze, rElec Dex+6}
  3329 | D:4      | Noticed Edmund
  3450 | D:4      | Reached XP level 5. HP: 41/41 MP: 4/4
  3521 | D:4      | HP: 9/41 [Edmund/+1 flail of holy wrath (3)]
  3524 | D:4      | HP: 3/41 [Edmund/+1 flail of holy wrath (6)]
  3524 | D:4      | Slain by Edmund

Vanquished Creatures
  An iguana (D:3)
  2 adders
  2 worms
  A dart slug (D:3)
  3 orcs (D:3)
  5 bats
  3 endoplasms
  4 giant cockroaches
  6 hobgoblins
  6 jackals (D:3)
  A quokka (D:1)
  7 ball pythons
  3 frilled lizards (D:2)
  8 goblins
  3 kobolds
  7 rats
62 creatures vanquished.

Table legend:
 A = Non-vault XP
 B = Vault XP
 C = Vault XP percentage of total XP
 D = Non-vault monster count
 E = Vault monster count
 F = Vault count percentage of total count
                 A         B        C        D         E       F
            +---------+---------+-------+---------+---------+-------
      Total |     165 |       4 |   2.4 |      60 |       2 |   3.2
            +---------+---------+-------+---------+---------+-------
        D:1 |      16 |       0 |   0.0 |      11 |       0 |   0.0
        D:2 |      40 |       0 |   0.0 |      18 |       0 |   0.0
        D:3 |     102 |       4 |   3.8 |      27 |       2 |   6.9
        D:4 |       7 |       0 |   0.0 |       4 |       0 |   0.0
            +---------+---------+-------+---------+---------+-------

Illustrated notes

Table legend:
 A = Kills in this place as a percentage of kills in entire the game.
 B = Kills by you in this place as a percentage of kills by you in the entire game.
 C = Kills by friends in this place as a percentage of kills by friends in the entire game.
 D = Other kills in this place as a percentage of other kills in the entire game.
 E = Experience gained in this place as a percentage of experience gained in the entire game.
 F = Experience gained in this place divided by the number of levels of this place that you have seen.
                   A       B       C       D       E      F
               +-------+-------+-------+-------+-------+----------------------
         Total | 100.0 | 100.0 |   N/A |   N/A | 100.0 |  42.2
       Dungeon | 100.0 | 100.0 |   N/A |   N/A | 100.0 |  42.2
               +-------+-------+-------+-------+-------+----------------------

Table legend: (Time is in decaauts)
 A = Elapsed time spent in this place.
 B = Non-inter-level travel time spent in this place.
 C = Inter-level travel time spent in this place.
 D = Time resting spent in this place.
 E = Time spent auto-exploring this place.
 F = Levels seen in this place.
 G = Mean time per level.
                   A        B        C        D        E       F      G
               +--------+--------+--------+--------+--------+-----+--------+
         Total |   3576 |   3434 |    142 |    668 |   2280 |   4 |  894.0 |
       Dungeon |   3576 |   3434 |    142 |    668 |   2280 |   4 |  894.0 |
               +--------+--------+--------+--------+--------+-----+--------+

Top non-repeatable levels by time:
     D:3: 1265 daAuts
     D:1: 1182 daAuts
     D:2: 951 daAuts
     D:4: 176 daAuts
